 Dungeon Crawl Stone Soup version 0.31.0-11-ge490571c62 (webtiles) character file.

Game seed: 9392279828380210202

39 hikkokomori the Apothecary (level 3, -6/20 HPs)
             Began as a Gargoyle Alchemist on Jan 29, 2024.
             Mangled by a gnoll
             ... wielding a +0 flail
              (7 damage)
             ... on level 2 of the Dungeon.
             The game lasted 00:01:24 (1525 turns).

hikkokomori the Apothecary (Gargoyle Alchemist)     Turns: 1525, Time: 00:01:25

Health: -6/20      AC:  5    Str: 11    XL:     3   Next: 47%
Magic:  1/6        EV: 11    Int: 17    God:
Gold:   50         SH:  0    Dex: 10    Spells: 2/6 levels left

rFire   . . .        c - +0 short sword
rCold   . . .        (no shield)
rNeg    + . .        a - +0 robe
rPois   ∞            (no helmet)
rElec   +            (no cloak)
rCorr   .            (no gloves)
SInv    .            (no boots)
Will    .....        (no amulet)
Stlth   ++           (no ring)
HPRegen 0.23/turn    (no ring)
MPRegen 0.10/turn

%: no passive effects
@: very slightly contaminated
A: sickness immunity, AC +3, negative energy resistance 1, electricity
resistance, torment resistance 1, petrification resistance
a: no special abilities


You were on level 2 of the Dungeon.
You visited 1 branch of the dungeon, and saw 2 of its levels.

You collected 50 gold pieces.

Inventory:

Hand Weapons
 c - a +0 short sword (weapon)
Missiles
 d - 17 stones
Armour
 a - a +0 robe (worn)
Scrolls
 e - 2 scrolls of identify {unknown}
 h - 3 scrolls of teleportation {unknown}
 i - a scroll of torment {unknown}
 k - a scroll of enchant weapon {unknown}
Potions
 b - a potion of magic
 f - a potion of curing {unknown}
 g - 2 potions of might {unknown}
 j - a potion of heal wounds {unknown}


   Skills:
 - Level 1.1 Fighting
 - Level 1.5 Dodging
 - Level 2.2 Stealth
 + Level 2.4 Spellcasting
 + Level 2.0 Conjurations
 + Level 0.2 Air Magic
 + Level 2.8 Alchemy


You had 2 spell levels left.
You knew the following spells:

 Your Spells              Type           Power      Damage    Failure   Level
a - Sting                 Conj/Alch      40%        1d5       7%          1
b - Mephitic Cloud        Conj/Alch/Air  7%         N/A       28%         3

Your spell library contained the following spells:

 Spells                   Type           Power      Damage    Failure   Level
 Mercury Vapours          Alch/Air       14%        N/A       16%         2
 Olgreb's Toxic Radiance  Alch           11%        N/A       52%         4
 Sticky Flame             Fire/Alch      6%         2d4       71%         4


Dungeon Overview and Level Annotations

Branches:
Dungeon (2/15)

Altars:

Shops:
D:2 [


Innate Abilities, Weirdness & Mutations

You are immune to sickness and miasma.
Your stone body is resilient. (AC +3)
You are immune to poison.
You resist negative energy. (rN+)
You are resistant to electric shocks. (rElec)
You are resistant to unholy torment.
You are immune to petrification.


Message History

Unknown command.
HP restored.
You now have 50 gold pieces (gained 8).
Things that are here:
a +0 spear; a +0 leather armour; a gnoll corpse
g - 2 inky potions (gained 1)
A gnoll comes into view. It is wielding a +0 flail.
A gnoll is nearby!
A gnoll is nearby!
A gnoll is nearby!
A gnoll is nearby!
The gnoll shouts!
You miscast Sting.
You are very lightly contaminated with residual magic.
Nothing appears to happen.
The sting hits the gnoll but does no damage.
The gnoll is poisoned.
The sting misses the gnoll.
The gnoll hits you with a +0 flail!
Ouch! That really hurt!
You are too injured to fight recklessly!
You are too injured to fight recklessly!
You are too injured to fight recklessly!
Casting: Sting (safe; 7% risk of failure)
Confirm with . or Enter, or press ? or * to list all spells.
Aiming: Sting (safe; 7% risk of failure)
Press: ? - help, Shift-Dir - straight line, f/p - gnoll
Aim: a gnoll, wielding a +0 flail (poisoned, 75% to hit)
The sting hits the gnoll.
The gnoll looks even sicker.
The gnoll is moderately wounded.
The gnoll hits you with a +0 flail!
* * * LOW HITPOINT WARNING * * *
Casting: Sting (safe; 7% risk of failure)
Confirm with . or Enter, or press ? or * to list all spells.
Aiming: Sting (safe; 7% risk of failure)
Press: ? - help, Shift-Dir - straight line, f/p - gnoll
Aim: a gnoll, wielding a +0 flail (moderately wounded, very poisoned, 75% to hit)
The sting hits the gnoll.
The gnoll looks even sicker.
The gnoll is heavily wounded.
The gnoll hits you with a +0 flail!
You die...

#.# #...#' ######.#
#...#. ####......#
#...#. #..§......#
###.#.
#.§...)..†#########.##
.##..§..###.........#...
...§.$..# #########.####
#...§...###########.####
.......@................
#..#####g##########.####
#.. .# #.#### #. .#
#.#... .# #.#... ..
#.#... .. ..#... ##
######## ........


You could see a gnoll (very poisoned).

Vanquished Creatures
  A gnoll (D:2)
  A dart slug (D:1)
  2 endoplasms (D:1)
  A giant cockroach (D:2)
  2 goblins (D:1)
  3 hobgoblins (D:1)
  3 jackals (D:1)
  A kobold (D:1)
  A quokka (D:2)
  3 ball pythons
  3 bats
  A frilled lizard (D:2)
  3 rats
25 creatures vanquished.

Notes
Turn   | Place    | Note
-------+----------+-------------------------------------------
     0 | D:1      | hikkokomori the Gargoyle Alchemist began the quest for the
                  | Orb.
     0 | D:1      | Reached XP level 1. HP: 10/10 MP: 3/3
   361 | D:1      | Reached XP level 2. HP: 16/16 MP: 0/5
   716 | D:1      | Reached skill level 1 in Fighting
  1220 | D:2      | Reached XP level 3. HP: 20/20 MP: 0/6
  1224 | D:2      | Learned a level 3 spell: Mephitic Cloud
  1449 | D:2      | Found Inuim's Antique Armour Shop.
  1524 | D:2      | HP: 1/20 [gnoll/+0 flail (9)]
  1525 | D:2      | Mangled by a gnoll

Illustrated notes

Levels and vault maps discovered:
D:1:      minmay_arrival_semitransparent, layout_basic
D:2:      layout_basic, serial_shops, nicolae_shop_getting_attention

Skill      XL: |  1  2  3 |
---------------+----------+-----
Fighting       | 1 |  1.1
Conjurations   | 2 |  2.0
Dodging        | |  1.5
Stealth        | |  2.2
Spellcasting   | |  2.4
Air Magic      | |  0.2
Alchemy        | |  2.8

Action                     || total
---------------------------++-------
  Melee: Short sword       ||     8
   Cast: Sting             ||    48
 Armour: Robe              ||    18
  Dodge: Dodged            ||    18
